 Dungeon Crawl Stone Soup version 0.29.1-1-gd02db6906a (webtiles) character file.

Game seed: 2644801937261362792

20 xian the Trooper (level 2, -1/24 HPs)
             Began as a Demonspawn Abyssal Knight on Sept 20, 2022.
             Was a Believer of Lugonu.
             Slain by a ball python (3 damage)
             ... on level 1 of the Dungeon.
             The game lasted 00:01:30 (714 turns).

xian the Trooper (Demonspawn Abyssal Knight)         Turns: 714, Time: 00:01:31

Health: -1/24      AC:  3    Str: 13    XL:     2   Next: 58%
Magic:  4/4        EV:  8    Int: 11    God:    Lugonu [**....]
Gold:   3          SH:  0    Dex: 13    Spells: 1/1 levels left

rFire   . . .      SeeInvis .   a - +1 hand axe
rCold   . . .      Faith    .   (no shield)
rNeg    . . .      Spirit   .   b - +0 leather armour
rPois   .          Reflect  .   (no helmet)
rElec   .          Harm     .   (no cloak)
rCorr   .          Rampage  .   (no gloves)
Will    .....                   (no boots)
Stlth   +.........              (no amulet)
HPRegen 0.08/turn               (no ring)
MPRegen 0.09/turn               (no ring)

@: constricted
A: claws 1
a: Renounce Religion, Depart the Abyss, Bend Space


You were on level 1 of the Dungeon.
You worshipped Lugonu.
Lugonu was pleased with you.
You visited 1 branch of the dungeon, and saw 1 of its levels.
You visited the Abyss 1 time.

You collected 3 gold pieces.

Inventory:

Hand Weapons
 a - a +1 hand axe (weapon)
Missiles
 d - 5 boomerangs (quivered)
Armour
 b - a +0 leather armour (worn)
Scrolls
 g - a scroll of teleportation
 h - a scroll of enchant weapon
 j - a scroll of fear
Potions
 e - a potion of brilliance {unknown}
 f - a potion of mutation {unknown}
 i - a potion of heal wounds {unknown}
 k - a potion of haste {unknown}


   Skills:
 + Level 3.1 Fighting
 + Level 2.3 Axes
 + Level 1.8 Armour
 + Level 1.1 Dodging
 * Level 2.8 Invocations


You had one spell level left.
You didn't know any spells.
Your spell library was empty.

Dungeon Overview and Level Annotations

Branches:
Dungeon (1/15)

Altars:


Innate Abilities, Weirdness & Mutations

You have sharp fingernails.


Message History

The ball python grabs you. The ball python constricts you.
You hit the ball python.
The ball python is severely wounded.
The ball python bites you.
* * * LOW HITPOINT WARNING * * *
The ball python constricts you. The ball python barely misses you.
The ball python constricts you.
You slash the ball python!
You kill the ball python!
Lugonu accepts your kill. The ball python closely misses you.
The ball python grabs you. The ball python constricts you.
You hit the ball python.
The ball python is heavily wounded.
The ball python bites you but does no damage.
The ball python constricts you.
You hit the ball python.
The ball python is severely wounded.
The ball python bites you but does no damage.
The ball python constricts you. The ball python bites you.
* * * LOW HITPOINT WARNING * * *
The ball python constricts you.
* * * LOW HITPOINT WARNING * * *
You barely miss the ball python.
The ball python is severely wounded.
The ball python barely misses you. The ball python constricts you.
* * * LOW HITPOINT WARNING * * *
Unknown command.
You hit the ball python but do no damage.
The ball python is severely wounded.
The ball python bites you but does no damage.
The ball python constricts you.
* * * LOW HITPOINT WARNING * * *
The ball python bites you but does no damage.
The ball python constricts you.
* * * LOW HITPOINT WARNING * * *
You barely miss the ball python.
The ball python is severely wounded.
The ball python bites you.
You die... # #######.######## # ................ .... # .######.######## .#.. # ###.# #... # #...# hh#

# #.######## .h.# .#
#.)......# #...#.# ##
#..#.#.####.#####....... .
..............@Sh..#.....
#.....#.#.####.####.###...#
......#.#.# #.# #..#.....
.#....#.#.# #.# ##...#...
.#....#.#.# #.# ####
#....#...# #.. .#....#####
### .(....#...#...
.####.'...#...


You could see a jackal and a ball python.

Vanquished Creatures
  A ball python (D:1)
  A bat (D:1)
  2 endoplasms (D:1)
  2 goblins (D:1)
  A hobgoblin (D:1)
  6 jackals (D:1)
  A quokka (D:1)
  A rat (D:1)
15 creatures vanquished.

Notes
Turn   | Place    | Note
-------+----------+-------------------------------------------
     0 | Abyss:1  | xian the Demonspawn Abyssal Knight began the quest for the
                  | Orb.
     0 | Abyss:1  | Reached XP level 1. HP: 18/18 MP: 2/2
     2 | D:1      | Escaped the Abyss
    43 | D:1      | Found a faded altar of an unknown god.
   253 | D:1      | Gained mutation: You have sharp fingernails. [demonic
                  | ancestry]
   253 | D:1      | Reached XP level 2. HP: 17/24 MP: 3/3
   696 | D:1      | Reached skill level 1 in Dodging
   714 | D:1      | Slain by a ball python

Illustrated notes

Levels and vault maps discovered:
D:1:      minmay_arrival_nine_rooms, layout_basic, serial_glass,
          glass_columns_a, glass_columns_b, due_unseen_surprise,
          item_on_display_a, minmay_strange_pillars, feat_on_display,
          hellmonk_ecumenical_altar_pennies_from_heaven

Skill      XL: |  1  2 |
---------------+-------+-----
Axes           | 2 |  2.3
Dodging        | 1 |  1.1
Fighting       | |  3.1
Armour         | |  1.8
Invocations    | |  2.8

Action                   || total
-------------------------++-------
Melee: Hand axe          ||    49
       Punch             ||     1
Invok: Bend Space        ||     3
  Use: Scroll            ||     3
Armor: Leather armour    ||    14
Dodge: Dodged            ||    27
